 Dungeon Crawl Stone Soup version 0.26-a0-812-g31a745ddcd (webtiles) character file.

Game seed: 12541240851875351354

6993 kae the Cleaver (level 11, -1/95 HPs)
             Began as a Hill Orc Monk on Dec 3, 2020.
             Was a Priest of Yredelemnul.
             Killed by divine providence
             ... invoked by an orc priest
              (14 damage)
             ... on level 10 of the Dungeon.
             The game lasted 00:08:27 (11090 turns).

kae the Cleaver (Hill Orc Monk)                    Turns: 11090, Time: 00:08:28

Health: -1/95      AC:  8    Str: 18      XL:     11   Next: 8%
Magic:  18/18      EV: 14    Int: 10      God:    Yredelemnul [***...]
Gold:   557        SH:  0    Dex: 12 (13) Spells: 10/10 levels left

rFire    . . .     SeeInvis +   q - +2 war axe (freeze)
rCold    . . .     Faith    .   (no shield)
rNeg     . . .     Spirit   .   h - +0 ring mail
rPois    .         Reflect  .   d - +1 helmet
rElec    .         Harm     .   (no cloak)
rCorr    .         Rampage  .   (no gloves)
MR       .....                  (no boots)
Stlth    +.........             f - amulet of regeneration
HPRegen  0.65/turn              j - ring of see invisible
MPRegen  0.16/turn              r - ring of flight

@: lethally poisoned (-1 -> -3)
A: no striking features
a: Recall Undead Slaves, Injury Mirror, Animate Dead, Renounce Religion, Convert
to Beogh, Evoke Flight


You were on level 10 of the Dungeon.
You worshipped Yredelemnul.
Yredelemnul was most pleased with you.
You visited 2 branches of the dungeon, and saw 11 of its levels.

You collected 557 gold pieces.

Inventory:

Hand Weapons
 m - a +0 war axe
 q - a +2 war axe of freezing (weapon)
Armour
 d - a +1 helmet (worn)
 h - a +0 ring mail (worn)
Jewellery
 f - an amulet of regeneration (around neck)
 j - a ring of see invisible (left hand)
 p - an uncursed ring of stealth
 r - a ring of flight (right hand)
 C - an uncursed ring of protection from cold {unknown}
 D - an uncursed amulet of faith {unknown}
Wands
 s - a wand of acid (16)
 y - a wand of disintegration (29)
Scrolls
 g - 5 scrolls of remove curse
 i - 7 scrolls of identify
 o - 3 scrolls of magic mapping
 t - 2 scrolls of immolation
 v - a scroll of enchant armour
Potions
 a - a potion of might
 b - 2 potions of magic
 c - 2 potions of ambrosia
 e - a potion of resistance
 k - 3 potions of curing
 l - 2 potions of degeneration
 n - 3 potions of mutation
 u - 4 potions of attraction
 w - a potion of haste
 x - 4 potions of lignification
 A - 2 potions of brilliance
 B - 3 potions of cancellation


   Skills:
 + Level 8.8 Fighting
 * Level 12.4 Axes
 + Level 7.1 Armour
 + Level 6.1 Dodging
 - Level 1.5 Stealth
 * Level 9.9 Invocations


You had 10 spell levels left.
You didn't know any spells.
Your spell library contained the following spells:

 Spells                   Type           Power        Failure   Level
 Animate Skeleton         Necr           #.....       52%         1
 Pain                     Necr           #...         52%         1
 Vampiric Draining        Necr           #.........   88%         3
 Animate Dead             Necr           #.........   99%         4
 Agony                    Necr           #.......     100%        5


Dungeon Overview and Level Annotations

Branches:
Dungeon (10/15)            Temple (1/1) D:6            Lair (0/6) D:10
    Orc: D:9-12

Altars:
Ashenzari
Cheibriados
Dithmenos
Elyvilon
Fedhas
Gozag
Hepliaklqana
Kikubaaqudgha
Makhleb
Nemelex Xobeh
Okawaru
Qazlal
Ru
Sif Muna
Trog
Uskayaw
Vehumet
Wu Jian
Xom
Yredelemnul
Zin
The Shining One

Annotations:
D:3 Sigmund


Message History

Your killer bee zombie hits the centaur.
The centaur dies!
Yredelemnul accepts your kill.
The orc closely misses your killer bee zombie.
The scorpion stings you.
* * * LOW HITPOINT WARNING * * *
The black bear bites you but does no damage.
The black bear barely misses you. x2
You feel much better.
You feel sick.
Your killer bee zombie hits the orc priest.
The gnoll hits you but does no damage.
The gnoll sergeant hits you from afar with a +0 spear.
* * * LOW HITPOINT WARNING * * *
The orc priest closely misses your killer bee zombie.
The orc wizard casts a spell.
The orc wizard blinks!
The orc priest calls down the wrath of Beogh upon you.
Beogh smites you!
You die...
Your body rises from the dead as a mindless zombie.

#....Z.....[.
#####Z####.##
#.####.#
#......#
#####..# #§.##
#..o# #<#.#
#.§@#
......Zhs......
.....goog##....
...##.ool# ..
.. #..Ds. .
...).Z.
........
..........


You could see a steam dragon, a black bear, a gnoll sergeant, 2 scorpions, an
iguana, 2 orc priests, an orc wizard, a gnoll, 2 orcs, a centaur warrior
skeleton and a friendly killer bee zombie.

Vanquished Creatures
  Gastronok (D:8)
  A two-headed ogre (D:9)
  Psyche (D:8)
  Maggie (D:8)
  A hornet (D:7)
  A wyvern (D:10)
  3 sky beasts
  2 black bears
  An ice beast (D:6)
  3 orc warriors
  A necrophage (D:8)
  4 ogres
  A centaur (D:9)
  2 bullfrogs
  A water moccasin zombie (D:8)
  2 scorpions
  8 killer bees
  4 wights (D:6)
  An electric eel (D:9)
  A quasit (D:10)
  2 centaur zombies
  7 hounds
  A jelly (D:9)
  7 orc wizards
  8 orc priests
  3 iguanas (D:9)
  11 worker ants
  2 hound skeletons
  A worker ant zombie (D:10)
  27 gnolls
  A howler monkey zombie (D:8)
  7 adders
  3 white imps
  3 ufetubi
  An ooze (D:8)
  2 adder skeletons
  4 worms
  2 dart slugs (D:1)
  3 leopard geckos
  17 orcs
  A ball python (D:3)
  6 giant cockroaches
  23 hobgoblins
  6 jackals
  10 kobolds
  6 quokkas
  6 bats
  7 frilled lizards
  37 goblins
  2 leopard gecko skeletons
  A quokka skeleton (D:4)
  A quokka zombie (D:9)
  7 rats
265 creatures vanquished.

Vanquished Creatures (collateral kills)
  A centaur (D:10)
  A killer bee (D:9)
  2 orc wizards
  A gnoll (D:10)
  A white imp (D:9)
  An orc (D:7)
7 creatures vanquished.

Vanquished Creatures (others)
  A mummy (D:8)
  3 gnoll zombies (D:7)
  An iguana zombie (D:9)
  2 killer bee zombies (D:10)
  2 orc zombies (D:9)
  A quokka zombie (D:9)
  A worker ant zombie (D:7)
11 creatures vanquished.

Grand Total: 283 creatures vanquished

Notes
Turn   | Place    | Note
-------+----------+-------------------------------------------
     0 | D:1      | kae the Hill Orc Monk began the quest for the Orb.
     0 | D:1      | Reached XP level 1. HP: 19/19 MP: 1/1
   191 | D:1      | Reached XP level 2. HP: 24/27 MP: 2/2
   563 | D:1      | Reached skill level 1 in Armour
   582 | D:1      | Reached XP level 3. HP: 32/33 MP: 3/3
  1843 | D:3      | Reached skill level 5 in Axes
  1919 | D:3      | Reached XP level 4. HP: 25/40 MP: 4/4
  2220 | D:3      | Noticed Sigmund
  3420 | D:3      | Reached XP level 5. HP: 47/47 MP: 5/5
  3819 | D:3      | Reached skill level 6 in Axes
  4293 | D:4      | Reached XP level 6. HP: 39/55 MP: 6/6
  4420 | D:4      | Reached skill level 5 in Fighting
  5017 | D:5      | Entered Level 5 of the Dungeon
  5054 | D:5      | Reached skill level 7 in Axes
  5134 | D:5      | Reached XP level 7. HP: 40/61 MP: 7/7
  6422 | D:6      | Found a staircase to the Ecumenical Temple.
  6465 | D:6      | Reached skill level 8 in Axes
  6472 | Temple   | Entered the Ecumenical Temple
  6672 | Temple   | Became a worshipper of Yredelemnul the Dark
  6672 | Temple   | Reached * piety under Yredelemnul
  6672 | Temple   | Reached ** piety under Yredelemnul
  6747 | D:6      | Reached skill level 1 in Invocations
  6747 | D:6      | Reached XP level 8. HP: 43/70 MP: 7/9
  7182 | D:6      | Reached skill level 9 in Axes
  7390 | D:6      | Found a sacrificial altar of Ru.
  7549 | D:6      | Found a shimmering blue altar of Sif Muna.
  7706 | D:7      | Noticed a hornet
  7707 | D:7      | Found a shadowy altar of Dithmenos.
  7730 | D:7      | Killed a hornet
  7986 | D:7      | Reached XP level 9. HP: 67/78 MP: 12/12
  8054 | D:7      | Reached skill level 5 in Invocations
  8112 | D:7      | Reached skill level 5 in Armour
  8164 | D:7      | Reached *** piety under Yredelemnul
  8465 | D:7      | Reached skill level 10 in Axes
  8989 | D:8      | Received a gift from Yredelemnul (a mummy)
  9074 | D:8      | Reached skill level 5 in Dodging
  9182 | D:8      | Found a sparkling altar of Nemelex Xobeh.
  9327 | D:8      | Noticed Maggie
  9335 | D:8      | Killed Maggie
  9633 | D:8      | Noticed Gastronok
  9657 | D:8      | Killed Gastronok
  9657 | D:8      | Reached skill level 11 in Axes
  9657 | D:8      | Reached XP level 10. HP: 29/88 MP: 14/16
  9761 | D:8      | Noticed Psyche
  9768 | D:8      | Killed Psyche
  9865 | D:8      | Found a hazy altar of Hepliaklqana.
 10206 | D:9      | Noticed a two-headed ogre
 10217 | D:9      | Killed a two-headed ogre
 10217 | D:9      | Reached skill level 12 in Axes
 10807 | D:10     | Entered Level 10 of the Dungeon
 10867 | D:10     | Reached XP level 11. HP: 93/95 MP: 18/18
 10870 | D:10     | Found a staircase to the Lair.
 11089 | D:10     | HP: 3/95 [scorpion (4)]
 11090 | D:10     | Killed from afar by an orc priest

Illustrated notes

Levels and vault maps discovered:
D:1:      nagdon_arrival_zigzag_paths, layout_basic
D:2:      layout_loops_corners
D:3:      layout_loops_corners, st_stairs_4, minmay_crystal_water,
          chequers_decorated_corner, uniq_sigmund
D:4:      layout_rooms, minmay_fractal_squares_diagonal_5
D:5:      minmay_goblin_kobold_castle, layout_loops_ring
D:6:      wander_river, layout_loops_ring, led_sif_pool, lemuel_crystal_altar,
          minmay_temple_entry_ruins
D:7:      layout_loops_ring, nicolae_dithmenos_shadow_blocks, lightli_minifort
D:8:      layout_loops_ring, lemuel_coloured_pillars_altar,
          nemelex_dance_club_becter, uniq_maggie, uniq_psyche, uniq_gastronok
D:9:      layout_long_grid, fountainhead
D:10:     layout_loops_ring, lair_entry_dummy, erik_orc_4, bh_circular_ruins
Temple:   eino_narrow_crystal_temple

Skill      XL: |  1  2  3  4  5  6  7  8  9 10 |
---------------+-------------------------------+-----
Armour         | 1 2 3 4 6 7 |  7.1
Fighting       | 4 5 6 8 |  8.8
Axes           | 5 6 7 8 9 11 12 | 12.4
Dodging        | 3 4 5 6 |  6.1
Invocations    | 1 4 8 9 |  9.9
Stealth        | |  1.5

Action                   |  1- 3 |  4- 6 |  7- 9 | 10-12 || total
-------------------------+-------+-------+-------+-------++-------
Melee: Hand axe          |   145 |       |       |       ||   145
       War axe           |    14 |   137 |   388 |   141 ||   680
       Unarmed           |       |     4 |       |       ||     4
Invok: Animate Remains   |       |       |    13 |     8 ||    21
       Animate Dead      |       |       |    10 |     2 ||    12
       Injury Mirror     |       |       |     3 |     2 ||     5
       Recall Undead Sla |       |       |       |     1 ||     1
  Use: Potion            |       |     4 |     2 |     1 ||     7
       Scroll            |       |    12 |    11 |     3 ||    26
 Stab: Sleeping          |     4 |       |     5 |       ||     9
       Distracted        |       |       |     1 |       ||     1
Armor: Robe              |     4 |       |       |       ||     4
       Ring mail         |    39 |    58 |    94 |    56 ||   247
       Skin              |       |       |    21 |       ||    21
Dodge: Dodged            |   104 |   126 |   215 |   116 ||   561

Table legend: (Time is in decaauts)
 A = Elapsed time spent in this place.
 B = Non-inter-level travel time spent in this place.
 C = Inter-level travel time spent in this place.
 D = Time resting spent in this place.
 E = Time spent auto-exploring this place.
 F = Levels seen in this place.
 G = Mean time per level.
                   A        B        C        D        E       F      G
               +--------+--------+--------+--------+--------+-----+--------+
         Total |  11161 |  10614 |    547 |   1748 |   7005 |  11 | 1014.6 |
       Dungeon |  10952 |  10425 |    527 |   1748 |   6819 |  10 | 1095.2 |
        Temple |    208 |    188 |     20 |      0 |    186 |   1 |  208.0 |
               +--------+--------+--------+--------+--------+-----+--------+

Top non-repeatable levels by time:
     D:3: 1707 daAuts
     D:2: 1552 daAuts
     D:5: 1385 daAuts
     D:7: 1378 daAuts
     D:4: 1019 daAuts
     D:6: 998 daAuts
     D:8: 927 daAuts
     D:9: 902 daAuts
     D:1: 805 daAuts
    D:10: 275 daAuts
  Temple: 208 daAuts
